 Dungeon Crawl Stone Soup version 0.30-a0-782-ge64f9170bb (webtiles) character file.

Game seed: 8433919145603086826

403 112233 the Magician (level 6, -6/36 HPs)
             Began as an Octopode Air Elementalist on Feb 25, 2023.
             Mangled by a killer bee (10 damage)
             ... on level 6 of the Dungeon.
             The game lasted 00:03:42 (5214 turns).

112233 the Magician (Octopode Air Elementalist)     Turns: 5214, Time: 00:03:43

Health: -6/36      AC:  1    Str:  6    XL:     6   Next: 86%
Magic:  15/15      EV: 13    Int: 23    God:
Gold:   187        SH:  0    Dex: 12    Spells: 8/18 levels left

rFire   + . .      SeeInvis .    e - +2 flail (protect)
rCold   + . .      Faith    .    (no shield)
rNeg    + . .      Spirit   .    (helmet restricted)
rPois   +          Reflect  .    (no amulet)
rElec   +          Harm     .    h - ring of positive energy
rCorr   +          Rampage  .    p - ring of poison resistance
Will    .....      Rage     3%   (no ring)
Stlth   +++                      (no ring)
HPRegen 0.26/turn                (no ring)
MPRegen 0.14/turn                (no ring)
                                 (no ring)
                                 (no ring)

@: resistant, flying, invisible
A: almost no armour, amphibious, 8 rings, camouflage 1, gelatinous body 1,
(nimble swimmer 1), tentacles, berserk 1, clever 1
a: no special abilities


You were on level 6 of the Dungeon.
You visited 1 branch of the dungeon, and saw 6 of its levels.
You also visited: Sewer.

You collected 187 gold pieces.

Inventory:

Hand Weapons
 e - a +2 flail of protection (weapon)
 f - a +1 dagger of electrocution
Jewellery
 h - a ring of positive energy (left tentacle)
 p - a ring of poison resistance (right tentacle)
Scrolls
 b - 2 scrolls of noise {unknown}
 c - 2 scrolls of fog {unknown}
 i - 2 scrolls of identify {unknown}
 j - 3 scrolls of enchant weapon {unknown}
 q - a scroll of immolation {unknown}
Potions
 a - a potion of magic
 g - a potion of brilliance {unknown}
 l - a potion of resistance
 m - a potion of invisibility
 o - a potion of might {unknown}


   Skills:
 - Level 2.0 Dodging
 - Level 2.6 Stealth
 + Level 6.5 Spellcasting
 - Level 1.0 Conjurations
 + Level 3.0 Air Magic


You had 8 spell levels left.
You knew the following spells:

 Your Spells              Type           Power      Damage    Failure   Level
a - Shock                 Conj/Air       64%        1d7       3%          1
b - Static Discharge      Conj/Air       32%        2-4/arc   5%          2
c - Airstrike             Air            10%        2d(2-18)  22%         4
d - Swiftness             Air            21%        N/A       7%          3

Your spell library contained the following spells:

 Spells                   Type           Power      Damage    Failure   Level


Dungeon Overview and Level Annotations

Branches:
Dungeon (6/15)              Sewer (visited)
 Temple: D:4-7

Altars:
Cheibriados
Elyvilon
Vehumet

Annotations:
D:3 1 runed translucent door, Crazy Yiuf


Innate Abilities, Weirdness & Mutations

You cannot wear most types of armour.
You are amphibious.
You can wear up to eight rings at the same time.
Your skin changes colour to match your surroundings (Stealth+).
Your rubbery body absorbs attacks. (AC +1, EV +1)
((You are camouflaged when in or above water. (Stealth+)))
You have tentacles for arms and can constrict up to eight enemies at once.
You sometimes lose your temper in combat.
Your mind is acute. (Int +4, Str/Dex -1)


Message History

You kill the orc!
Casting: Shock (safe; 4% risk of failure)
Confirm with . or Enter, or press ? or * to list all spells.
You can't see any susceptible monsters within range! (Use Z to cast anyway.)
You now have 187 gold pieces (gained 19).
You start resting.
Magic restored.
You open the door. 3 killer bees come into view.
A killer bee comes into view.
The killer bee closely misses you.
There is an open door here.
The killer bee buzzes angrily. x2
The killer bee stings you! The killer bee closely misses you.
The killer bee misses you. The killer bee stings you.
The killer bee closely misses you. The killer bee completely misses you.
The killer bee stings you!
There is an open door here.
Okay, then.
The killer bee attacks as you move away!
The killer bee stings you!
* * * LOW HITPOINT WARNING * * *
The killer bee stings you.
* * * LOW HITPOINT WARNING * * *
It was a potion of mutation.
You feel extremely strange.
You feel clever.
You feel a little pissed off. The killer bee closely misses you.
The killer bee misses you.
Unknown command.
It was a potion of invisibility.
You fade into invisibility!
The killer bee misses you. The killer bee barely misses you.
Unknown command.
It was a potion of resistance.
You feel protected. The killer bee barely misses you. x2
Unknown command.
It was a potion of flight.
You feel very buoyant.
You fly up into the air.
The killer bee barely misses you. The killer bee stings you!
You die...

....#######.... #.....#
#.......#########.....+
#.......#......#......#
#.......'......####'###
#.......#......#.......
#.......#......'.......
#.......######'#.......
#####+#y..).#...#.......
#....yy@....#...#.......
#.....#y....#...#.......
#.....#.....#...#.......
#.....#..)..#...#.......
##....#.....#####.......
#....###...$.. ..#####
#..... ...... #.....
...... ...[..


You could see 4 killer bees.

Vanquished Creatures
  Pargi (Sewer)
  An ogre (D:4)
  Robin (D:2)
  3 gnolls (D:2)
  11 adders
  A shadow imp (D:6)
  2 worms
  6 orcs
  7 ball pythons
  4 endoplasms
  A giant cockroach (D:3)
  14 goblins
  6 hobgoblins
  5 kobolds
  2 quokkas
  3 bats
  7 frilled lizards
  5 rats
80 creatures vanquished.

Notes
Turn   | Place    | Note
-------+----------+-------------------------------------------
     0 | D:1      | 112233 the Octopode Air Elementalist began the quest for
                  | the Orb.
     0 | D:1      | Reached XP level 1. HP: 11/11 MP: 3/3
   329 | D:1      | Reached XP level 2. HP: 17/17 MP: 1/5
   830 | D:2      | Reached skill level 3 in Spellcasting
   833 | D:2      | Learned a level 2 spell: Static Discharge
   919 | D:2      | Reached XP level 3. HP: 21/21 MP: 4/7
  1009 | D:2      | Reached skill level 4 in Spellcasting
  1009 | D:2      | Reached XP level 4. HP: 21/27 MP: 5/10
  1400 | D:2      | Noticed Robin
  1430 | D:2      | Killed Robin
  1431 | D:2      | Reached XP level 5. HP: 31/31 MP: 1/12
  1800 | D:2      | Learned a level 4 spell: Airstrike
  1804 | D:2      | Learned a level 3 spell: Swiftness
  1858 | D:2      | Found a snail-covered altar of Cheibriados.
  2338 | D:3      | Reached skill level 5 in Spellcasting
  2625 | D:3      | Found a glowing drain.
  2666 | D:3      | Found a radiant altar of Vehumet.
  2707 | Sewer    | Entered a sewer
  2742 | Sewer    | Noticed Pargi
  2763 | Sewer    | Killed Pargi
  2764 | Sewer    | Reached XP level 6. HP: 36/36 MP: 0/14
  3363 | D:3      | Found a runed translucent door.
  3364 | D:3      | Noticed Crazy Yiuf
  3562 | D:3      | Reached skill level 6 in Spellcasting
  4838 | D:5      | Entered Level 5 of the Dungeon
  5133 | D:6      | Found a white marble altar of Elyvilon.
  5211 | D:6      | Gained mutation: Your mind is acute. (Int +4, Str/Dex -1)
                  | [potion of mutation]
  5211 | D:6      | Gained mutation: You sometimes lose your temper in combat.
                  | [potion of mutation]
  5214 | D:6      | Mangled by a killer bee

Illustrated notes

Levels and vault maps discovered:
D:1:      doesnt_arrival_eight_statues, layout_basic,
          hangedman_abyss_or_decor_lesser_grid, corexii_corridor_pit
D:2:      layout_loops_cross, basic_altar, uniq_robin
D:3:      minmay_inner_zag, layout_loops_corners, mainiacjoe_overflow_paths,
          portal_sewer_entry_e, saegor_snake_ambush, uniq_crazy_yiuf_cottage
D:4:      layout_rooms, minmay_temple_entry_mini_moons, sigmund_edmund_badplayer
D:5:      layout_basic, minmay_manual_monstrance, uniq_duvessa
D:6:      layout_gridville, nicolae_elyvilon_temple_path, sigmund_army

Skill      XL: |  1  2  3  4  5  6 |
---------------+-------------------+-----
Spellcasting   | 3 4 5 6 |  6.5
Dodging        | |  2.0
Stealth        | |  2.6
Conjurations   | |  1.0
Air Magic      | |  3.0

Action                     |  1- 3 |  4- 6 || total
---------------------------+-------+-------++-------
  Melee: Flail             |    12 |    40 ||    52
         Tentacles         |     3 |     3 ||     6
         Constrict         |     4 |     6 ||    10
         Unarmed           |     1 |       ||     1
         Punch             |       |     1 ||     1
   Cast: Shock             |    34 |   109 ||   143
         Static Discharge  |       |    10 ||    10
  Evoke: Wand              |       |     2 ||     2
    Use: Potion            |       |     8 ||     8
   Stab: Sleeping          |       |     5 ||     5
 Armour: Skin              |     3 |    50 ||    53
  Dodge: Dodged            |    11 |    62 ||    73

Table legend: (Time is in decaauts)
 A = Elapsed time spent in this place.
 B = Non-inter-level travel time spent in this place.
 C = Inter-level travel time spent in this place.
 D = Time resting spent in this place.
 E = Time spent auto-exploring this place.
 F = Levels seen in this place.
 G = Mean time per level.
                   A        B        C        D        E       F      G
               +--------+--------+--------+--------+--------+-----+--------+
         Total |   5233 |   5071 |    162 |   1149 |   3348 |   7 |  747.6 |
       Dungeon |   4793 |   4631 |    162 |   1149 |   2992 |   6 |  798.8 |
         Sewer |    439 |    439 |      0 |      0 |    356 |   1 |  439.0 |
               +--------+--------+--------+--------+--------+-----+--------+

Top non-repeatable levels by time:
     D:3: 2160 daAuts
     D:2: 1312 daAuts
     D:1: 824 daAuts
   Sewer: 439 daAuts
     D:6: 372 daAuts
     D:4: 119 daAuts
     D:5: 3 daAuts
